 Dungeon Crawl Stone Soup version 0.31-a0-180-g519b7de00c (webtiles) character file.

Game seed: 13694549255305887001

600 NogeeEf the Shield-Bearer (level 8, -8/68 HPs)
             Began as a Meteoran Fighter on June 19, 2023.
             Was a Believer of the Shining One.
             Mangled by an ogre
             ... wielding a +0 giant club
              (23 damage)
             ... on level 5 of the Dungeon.
             The game lasted 00:12:45 (2581 turns).

NogeeEf the Shield-Bearer (Meteoran Fighter)        Turns: 2581, Time: 00:12:45

Health: -8/68      AC: 17    Str: 22 (24) XL:     8   Next: 1%
Magic:  9/9        EV:  8    Int:  9      God:    the Shining One [**....]
Gold:   243        SH:  5    Dex: 12 (14) Spells: 7/7 levels left

rFire   + . .        a - +0 long sword
rCold   . . .        c - +0 buckler
rNeg    + + .        l - +7 chain mail of the Armoured One {rPois rF+ Str+4}
rPois   +            (no helmet)
rElec   .            (no cloak)
rCorr   .            (no gloves)
SInv    .            (no boots)
Will    +....        (no amulet) Stlth
                     j - ring of positive energy
HPRegen 0.31/turn    (no ring)
MPRegen 0.11/turn

%: no passive effects
@: glowing
A: sense surroundings 1, otherworldly, glowing, explore regen
a: Renounce Religion, Divine Shield


You were on level 5 of the Dungeon.
You worshipped the Shining One.
The Shining One was pleased with you.
You visited 1 branch of the dungeon, and saw 5 of its levels.
You also visited: Sewer.

You collected 243 gold pieces.

Inventory:

Hand Weapons
 a - a +0 long sword (weapon)
Armour
 c - a +0 buckler (worn)
 l - the +7 chain mail of the Armoured One (worn) {rPois rF+ Str+4}
   (You found it on level 2 of the Dungeon)

   Str:       It affects your strength (+4).
   rF:        It protects you from fire.
   rPois:     It protects you from poison.
Magical Staves
 i - a staff of death
Jewellery
 j - a ring of positive energy (left hand)
Scrolls
 f - a scroll of poison {unknown}
 k - a scroll of fear
 m - a scroll of torment {unknown}
Potions
 d - a potion of might
 e - a potion of brilliance
 h - 2 potions of haste
 n - a potion of heal wounds {unknown}
 o - 3 potions of curing
 p - 2 potions of enlightenment
 q - 2 potions of cancellation {unknown}


   Skills:
 + Level 5.3 Fighting
 + Level 5.1 Long Blades
 + Level 5.8 Armour
 + Level 5.9 Shields


You had 7 spell levels left.
You didn't know any spells.
Your spell library was empty.

Dungeon Overview and Level Annotations

Branches:
Dungeon (5/15) Zot: 1380    Sewer (visited)
 Temple: D:4-7

Altars:
The Shining One

Annotations:
D:5 Pikel


Innate Abilities, Weirdness & Mutations

You passively map a small area around you.
You are easily found by Zot.
You glow in the dark.
You regain HP and MP as you explore.


Message History

The ice beast hits you but does no damage.
The gnoll hits you from afar with a +0 halberd.
You hit the gnoll but do no damage.
The gnoll is moderately wounded.
The ice beast hits you but does no damage.
The gnoll hits you from afar with a +0 halberd!
The gnoll hits you with a +0 halberd. The ice beast attacks as you move away!
The ice beast hits you. The ice beast freezes you!
The gnoll hits you from afar with a +0 halberd!
You barely miss the ice beast.
The ice beast hits you but does no damage.
The gnoll hits you from afar with a +0 halberd.
The gnoll hits you but does no damage.
You hit the ice beast.
The ice beast is lightly wounded.
The ice beast hits you but does no damage.
You block the gnoll's attack. The gnoll hits you but does no damage.
You block the ice beast's attack.
The gnoll hits you from afar with a +0 halberd.
There is a stone staircase leading up, spattered with blood here.
The ice beast hits you but does no damage.
The gnoll hits you from afar with a +0 halberd.
You climb upwards.
You block the ogre's attack. The lemure hits you.
The quokka bites you but does no damage.
You block the quokka's attack. The lemure barely misses you.
There is a stone staircase leading down, spattered with blood here.
You block the ice beast's attack. The ogre hits you with a +0 giant club.
* * * LOW HITPOINT WARNING * * *
The quokka closely misses you. The lemure hits you but does no damage.
You climb downwards.
Level annotation: Pikel The gnoll hits you from afar with a +0 halberd.
* * * LOW HITPOINT WARNING * * *
There is a stone staircase leading up, spattered with blood here.
You barely miss the quokka.
The ice beast hits you but does no damage.
You block the quokka's attack. The gnoll closely misses you.
The ogre hits you with a +0 giant club!!
You die...

* * , , .. * , ,
#. * * * ##.. *
, ,* <.. ,, ,* ,
, #.# ,.# , *
...#####.###...#
.......5O......#
, .g# #r@# ## ,
,.Y####Y## ... ,
**
,...##g###.... *
* * *
#g.#g....... *
,, ,,
#..#..##.... * ,
, #.....# #., ,
#)....# .# , , ,
, , #....##.#* ,
#####
***###.....# ,


You could see an ice beast, an ogre, a lemure, 2 gnolls and a quokka.

Vanquished Creatures
  A water moccasin (D:5)
  2 kobold brigands (Sewer)
  A scorpion (D:5)
  A howler monkey (D:5)
  An iguana (D:3)
  A sleepcap (D:3)
  Jessica (D:3)
  Ijyb (D:3)
  A gnoll (D:5)
  5 adders
  A river rat (Sewer)
  A white imp (D:5)
  An ufetubus (D:5)
  A worm (D:3)
  2 dart slugs
  2 orcs
  2 bats
  6 endoplasms
  6 giant cockroaches
  9 goblins
  8 hobgoblins
  3 jackals
  6 kobolds
  2 quokkas (D:1)
  4 ball pythons
  6 frilled lizards
  6 rats
81 creatures vanquished.

Notes
Turn   | Place    | Note
-------+----------+-------------------------------------------
     0 | D:1      | NogeeEf the Meteoran Fighter began the quest for the Orb.
     0 | D:1      | Reached XP level 1. HP: 19/19 MP: 2/2
   207 | D:1      | Reached XP level 2. HP: 26/26 MP: 3/3
   268 | D:1      | Found a faded altar of an unknown god.
   272 | D:1      | Prayed at the altar of an unknown god.
   272 | D:1      | Became a worshipper of the Shining One
   272 | D:1      | Reached * piety under the Shining One
   379 | D:1      | Reached XP level 3. HP: 31/31 MP: 4/4
   668 | D:2      | Found a glowing golden altar of the Shining One.
   698 | D:2      | Reached XP level 4. HP: 40/40 MP: 5/5
   855 | D:2      | Identified the +7 chain mail of the Armoured One {rPois rF+
                  | Str+4}
  1395 | D:3      | Reached XP level 5. HP: 35/46 MP: 6/6
  1467 | D:3      | Found a glowing drain.
  1489 | Sewer    | Entered a sewer
  1538 | Sewer    | Noticed a kobold brigand
  1563 | Sewer    | Noticed a kobold brigand
  1570 | Sewer    | Killed a kobold brigand
  1571 | Sewer    | Reached XP level 6. HP: 39/53 MP: 7/7
  1649 | Sewer    | Reached skill level 5 in Armour
  1649 | Sewer    | Reached skill level 5 in Shields
  1661 | Sewer    | Found a white marble altar of Elyvilon.
  1816 | D:3      | Noticed Ijyb
  1833 | D:3      | Killed Ijyb
  1834 | D:3      | Reached XP level 7. HP: 60/60 MP: 8/8
  1897 | D:3      | Noticed Jessica
  1901 | D:3      | Killed Jessica
  2199 | D:4      | Noticed Pikel
  2208 | D:5      | Entered Level 5 of the Dungeon
  2213 | D:5      | HP: 1/60 [lemure[Pikel] (4)]
  2215 | D:5      | Reached ** piety under the Shining One
  2223 | D:5      | Reached skill level 5 in Fighting
  2305 | D:5      | Noticed a water moccasin
  2318 | D:5      | Killed a water moccasin
  2319 | D:5      | Reached skill level 5 in Long Blades
  2556 | D:5      | Reached XP level 8. HP: 65/68 MP: 9/9
  2581 | D:5      | Mangled by an ogre

Illustrated notes

Levels and vault maps discovered:
D:1:      psy_arrival_whirlpool, layout_basic,
          shapermc_ecumenical_altar_mp_ritualfount
D:2:      layout_loops_ring, basic_altar, minmay_misc_feat_five
D:3:      layout_basic, cheibrodos_sewer_entry_drain, uniq_ijyb, uniq_jessica
D:4:      layout_cave_pools, mainiacjoe_overflow_big_doors, uniq_pikel
D:5:      layout_rooms, lemuel_round_altar, mainiacjoe_overflow_boulevard,
          amcnicky_altar_gilded

Skill      XL: |  1  2  3  4  5  6  7 |
---------------+----------------------+-----
Shields        | 4 5 |  5.9
Armour         | 4 5 |  5.8
Long Blades    | 3 4 5 |  5.1
Fighting       | 4 5 |  5.3

Action                     |  1- 3 |  4- 6 |  7- 9 || total
---------------------------+-------+-------+-------++-------
  Melee: Long sword        |    56 |   139 |    74 ||   269
    Use: Potion            |     3 |       |     2 ||     5
         Scroll            |     5 |     1 |     2 ||     8
 Armour: Scale mail        |    28 |       |       ||    28
         Chain mail        |       |    77 |    58 ||   135
  Dodge: Dodged            |    18 |    51 |    34 ||   103
  Block: Buckler           |    19 |    24 |    25 ||    68

Table legend: (Time is in decaauts)
 A = Elapsed time spent in this place.
 B = Non-inter-level travel time spent in this place.
 C = Inter-level travel time spent in this place.
 D = Time resting spent in this place.
 E = Time spent auto-exploring this place.
 F = Levels seen in this place.
 G = Mean time per level.
                   A        B        C        D        E       F      G
               +--------+--------+--------+--------+--------+-----+--------+
         Total |   2712 |   2512 |    200 |    300 |   1354 |   6 |  452.0 |
       Dungeon |   2368 |   2168 |    200 |    260 |   1270 |   5 |  473.6 |
         Sewer |    344 |    344 |      0 |     40 |     83 |   1 |  344.0 |
               +--------+--------+--------+--------+--------+-----+--------+

Top non-repeatable levels by time:
     D:2: 748 daAuts
     D:3: 646 daAuts
     D:1: 571 daAuts
     D:5: 380 daAuts
   Sewer: 344 daAuts
     D:4: 21 daAuts
